 Dungeon Crawl Stone Soup version 0.29.0-11-gd7f09526c8 (webtiles) character file.

Game seed: 8489410138386336325

32 PhineusFerb the Shield-Bearer (level 3, 0/36 HPs)
             Began as a Troll Fighter on Sept 6, 2022.
             Slain by Pikel
             ... wielding a +0 whip of freezing
              (1 damage)
             ... on level 4 of the Dungeon.
             The game lasted 00:02:47 (426 turns).

PhineusFerb the Shield-Bearer (Troll Fighter)        Turns: 426, Time: 00:02:49

Health: 0/36       AC:  4    Str: 26    XL:     3   Next: 10%
Magic:  0/2        EV:  8    Int:  4    God:
Gold:   9          SH:  7    Dex:  9    Spells: 2/2 levels left

rFire   . . .      SeeInvis .   a - +0 war axe
rCold   . . .      Faith    .   c - +0 kite shield
rNeg    . . .      Spirit   +   b - +0 robe
rPois   .          Reflect  .   (helmet restricted)
rElec   .          Harm     .   (no cloak)
rCorr   .          Rampage  .   (gloves unavailable)
Will    .....                   (boots unavailable)
Stlth   +.........              e - amulet of guardian spirit
HPRegen 0.92/turn               (no ring)
MPRegen 0.08/turn               (no ring)

@: brilliant
A: large, unfitting armour, claws 3, regeneration 1, shaggy fur 1, tough skin 1
a: no special abilities


You were on level 4 of the Dungeon.
You visited 1 branch of the dungeon, and saw 4 of its levels.

You collected 9 gold pieces.

Inventory:

Hand Weapons
 a - a +0 war axe (weapon)
Armour
 b - a +0 robe (worn)
 c - a +0 kite shield (worn)
Jewellery
 e - an amulet of guardian spirit (around neck)
Potions
 d - a potion of might


   Skills:
 + Level 2.7 Fighting
 + Level 2.1 Axes
 + Level 2.7 Dodging
 + Level 2.9 Shields


You had 2 spell levels left.
You didn't know any spells.
Your spell library was empty.

Dungeon Overview and Level Annotations

Branches:
Dungeon (4/15)
 Temple: D:4-7

Altars:

Annotations:
D:4 Pikel


Innate Abilities, Weirdness & Mutations

You are too large for most types of armour.
You have claws for hands.
Your natural rate of healing is unusually fast.
You are covered in fur. (AC +1)
You have tough skin. (AC +1)


Message History

f - 2 golden potions It was a potion of brilliance.
You feel clever all of a sudden.
You aren't carrying any scrolls.
You feel more clever all of a sudden.
There is a stone staircase leading down here.
You climb downwards.
The lemure shouts! x2; You hear a shout!
Found 17 gold pieces.
There is a stone staircase leading up here.
Found 17 gold pieces.
A lemure comes into view.
There is a stone staircase leading up here.
There are monsters nearby!
There are monsters nearby!
There are monsters nearby!
The lemure hits you but does no damage. The lemure hits you.
There is a stone staircase leading up here.
You hit the lemure.
The lemure is lightly wounded.
You slash the lemure! The lemure closely misses you.
You closely miss Pikel. You hit the lemure. You block the lemure's attack.
The lemure closely misses you. Pikel barely misses you. The lemure hits you.
You closely miss Pikel. You slash the lemure! You closely miss the lemure.
Pikel hits you with a +0 whip of freezing.
Pikel freezes you. The lemure hits you.
You hit Pikel.
Pikel is lightly wounded.
You hit the lemure but do no damage. You slash the lemure!
Pikel hits you with a +0 whip of freezing.
Pikel freezes you.
* * * LOW HITPOINT WARNING * * *
The lemure completely misses you. The lemure hits you!
* * * LOW HITPOINT WARNING * * *
You block the lemure's attack.
Pikel hits you with a +0 whip of freezing.
* * * LOW HITPOINT WARNING * * *
Pikel freezes you.
You die...

######
#..55#+###..
#@K....$..
##5.......
+5.......
#.......$
#........
#......##
####....#
.##.#


You could see Pikel and 4 lemures.

Vanquished Creatures
  An adder (D:3)
  A worm (D:2)
  A dart slug (D:2)
  A ball python (D:2)
  An endoplasm (D:2)
  2 giant cockroaches (D:2)
  3 goblins (D:2)
  A hobgoblin (D:1)
  3 jackals (D:2)
  2 bats
  A frilled lizard (D:2)
17 creatures vanquished.

Vanquished Creatures (others)
  A fungus (D:1)
1 creature vanquished.

Grand Total: 18 creatures vanquished

Notes
Turn   | Place    | Note
-------+----------+-------------------------------------------
     0 | D:1      | PhineusFerb the Troll Fighter began the quest for the Orb.
     0 | D:1      | Reached XP level 1. HP: 22/22 MP: 0/0
   159 | D:2      | Reached XP level 2. HP: 29/29 MP: 1/1
   403 | D:3      | Reached XP level 3. HP: 36/36 MP: 2/2
   418 | D:4      | Noticed Pikel
   418 | D:4      | Noticed a lemure
   418 | D:4      | Noticed a lemure
   418 | D:4      | Noticed a lemure
   419 | D:4      | Noticed a lemure
   426 | D:4      | HP: 1/36 [Pikel/+0 whip of freezing (2)]
   426 | D:4      | Slain by Pikel

Illustrated notes

Levels and vault maps discovered:
D:1:      tarquinn_simple_flora_water_f, layout_basic,
          hellmonk_ecumenical_altar_crossroads, grunt_decor_junction
D:2:      layout_loops_corners, serial_shops, shop
D:3:      minmay_razor_zed, layout_loops_ring, serial_shops, nicolae_shop_stone,
          lightli_corner_chamber, uniq_jessica
D:4:      layout_basic, okawaru_metal_pillars_1_2, minmay_misc_feat_enclosed,
          uniq_pikel

Skill      XL: |  1  2 |
---------------+-------+-----
Axes           | 2 |  2.1
Fighting       | |  2.7
Dodging        | |  2.7
Shields        | |  2.9

Action                   || total
-------------------------++-------
Melee: War axe           ||    73
  Use: Scroll            ||     2
       Potion            ||     2
Armor: Robe              ||    42
Dodge: Dodged            ||    35
Block: Kite shield       ||    36
